 Dungeon Crawl Stone Soup version 0.23.1-37-gaa34b87 (webtiles) character file.

Game seed: 13971742611115587013

98 lubebu the Cudgeler (level 4, -27/29 HPs)
             Began as a Gargoyle Berserker on Mar 25, 2019.
             Was an Initiate of Nemelex Xobeh.
             Killed from afar by a goblin (28 damage)
             ... with an exploding inner flame
             ... hexed by the player character
             ... on level 3 of the Dungeon.
             The game lasted 00:14:36 (1718 turns).

lubebu the Cudgeler (Gargoyle Berserker)            Turns: 1718, Time: 00:14:37

Health: -27/29     AC:  6    Str: 21    XL:     4   Next: 71%
Magic:  4/4        EV: 12    Int:  8    God:    Nemelex Xobeh [......]
Gold:   196        SH:  0    Dex:  9    Spells: 3/3 levels left

rFire    . . .     SeeInvis .   a - +1 mace
rCold    . . .     Gourm    +   (no shield)
rNeg     + . .     Faith    .   b - +1 animal skin
rPois    ∞         Spirit   .   (no helmet)
rElec    +         Reflect  .   (no cloak)
rCorr    .         Harm     .   (no gloves)
MR       .....                  (no boots)
Stlth    +.........             f - amulet of the gourmand
HPRegen  0.09/turn              (no ring)
MPRegen  0.09/turn              (no ring)

@: no status effects
A: negative energy resistance 1, electricity resistance, unbreathing,
petrification resistance, rot immunity, AC +3
a: Draw Escape, Draw Destruction, Draw Summoning, Renounce Religion


You were on level 3 of the Dungeon.
You worshipped Nemelex Xobeh.
Nemelex Xobeh was noncommittal.
You were not hungry.

You visited 1 branch of the dungeon, and saw 3 of its levels.

You collected 266 gold pieces.
You paid 70 gold pieces to Gozag.

Inventory:

Hand Weapons
 a - a +1 mace (weapon)
Armour
 b - a +1 animal skin (worn)
Jewellery
 f - an amulet of the gourmand (around neck)
 k - a cursed ring of teleportation
Scrolls
 d - a scroll of identify
Comestibles
 c - 4 rations


   Skills:
 + Level 3.9 Fighting
 + Level 4.2 Maces & Flails
 + Level 2.3 Armour
 + Level 2.4 Dodging
 + Level 0.3 Stealth


You had 3 spell levels left.
You didn't know any spells.
Your spell library was empty.

Dungeon Overview and Level Annotations

Branches:
Dungeon (3/15)

Altars:
Gozag
Nemelex Xobeh
Wu Jian

Annotations:
D:3 Terence


Innate Abilities, Weirdness & Mutations

You are resistant to torment.
Your stone body is resilient. (AC +3)
You are immune to poison.
You resist negative energy. (rN+)
You are resistant to electric shocks. (rElec)
You can survive without breathing.
You are immune to petrification.
You are immune to rotting.


Message History

You barely miss the goblin.
The goblin is almost dead.
The orc hits you but does no damage. The goblin barely misses you.
As you read the scroll of immolation, it crumbles to dust.
The creatures around you are filled with an inner flame!
The goblin hits you.
* * * LOW HITPOINT WARNING * * *
The orc barely misses you. The goblin hits you but does no damage.
Unknown command.
Unknown command.
You closely miss the goblin.
The goblin is almost dead.
The goblin hits you but does no damage. The orc hits you but does no damage.
The goblin barely misses you. The orc barely misses you.
You hit the goblin.
The goblin explodes!
The fiery explosion engulfs you!!
Ouch! That really hurt!
You die...
Your body disappears without a glow.

### #########..
#.......... #.#######.#
####.#### #.# #...#...#
#.# #.##.##.####.######
...........)..).@§#
#.###.#.###.#.###og.....
# #.#.#...#... o##.#.#
#.#.#.#####.... ..
#..... .#..# # #....
.... #..... .#... #.....
.... $


You could see 2 orcs and a goblin (inner flame).

Vanquished Creatures
  4 adders
  2 oozes (D:2)
  2 worms (D:2)
  3 dart slugs
  4 orcs (D:3)
  A ball python (D:3)
  4 bats (D:2)
  2 giant cockroaches (D:2)
  2 goblins
  3 hobgoblins
  3 jackals (D:2)
  A quokka (D:3)
  A frilled lizard (D:2)
  5 kobolds
  3 rats
40 creatures vanquished.

Notes
Turn   | Place    | Note
-------+----------+-------------------------------------------
     0 | D:1      | lubebu the Gargoyle Berserker began the quest for the Orb.
     0 | D:1      | Reached XP level 1. HP: 14/14 MP: 1/1
   300 | D:1      | Reached XP level 2. HP: 7/19 MP: 2/2
   771 | D:2      | Reached XP level 3. HP: 21/24 MP: 3/3
  1086 | D:2      | Reached ** piety under Trog
  1093 | D:2      | Reached XP level 4. HP: 11/29 MP: 4/4
  1193 | D:2      | Found a sparkling altar of Nemelex Xobeh.
  1193 | D:2      | Found an opulent altar of Gozag.
  1257 | D:2      | Found an ornate altar of the Wu Jian Council.
  1300 | D:2      | Fell from the grace of Trog
  1300 | D:2      | Became a worshipper of Gozag Ym Sagoz the Greedy
  1315 | D:2      | Fell from the grace of Gozag
  1315 | D:2      | Became a worshipper of Nemelex Xobeh the Trickster
  1512 | D:3      | Reached skill level 4 in Maces & Flails
  1706 | D:3      | Noticed Terence
  1716 | D:3      | HP: 1/29 [goblin (1)]
  1718 | D:3      | Killed from afar by a goblin

Skill      XL: |  1  2  3  4 |
---------------+-------------+-----
Dodging        | 2 |  2.4
Maces & Flails | 4 |  4.2
Fighting       | |  3.9
Armour         | |  2.3
Stealth        | |  0.3

Action                   |  1- 3 |  4- 6 || total
-------------------------+-------+-------++-------
Melee: Mace              |   106 |    67 ||   173
  Use: Scroll            |       |     7 ||     7
       Potion            |       |     3 ||     3
  Eat: Chunk             |       |     6 ||     6
Armor: Animal skin       |    62 |    24 ||    86
Dodge: Dodged            |   104 |    58 ||   162
